 Dungeon Crawl Stone Soup version 0.15.0-14-g6bbbb5c (webtiles) character file.

14327 Kex the Cleaver (level 11, -3/102 HPs)
             Began as a Minotaur Berserker on Sept 5, 2014.
             Was a High Priest of Trog.
             Killed from afar by Johnny's ghost (26 damage)
             ... with a bolt of magma
             ... on Level 3 of the Lair of Beasts.
             The game lasted 00:52:24 (11493 turns).

Kex the Cleaver (Minotaur Berserker)               Turns: 11493, Time: 00:52:26

HP  -3/102       AC 23     Str 22      XL: 11   Next: 87%
MP   4/4         EV  7     Int  9      God: Trog [*****.]
Gold 693         SH  5     Dex 13      Spells:  0 memorised, 10 levels left

rFire  . . .     SeeInvis .     v - +1 broad axe (antimagic)
rCold  . . .     Clarity  .     F - +0 plate armour
rNeg   . . .     rCorr    .     o - +0 buckler
rPois  .         rRot     .     K - +3 hat of Pondering {ponderous, MR+ MP+10 Int+5}
rElec  .         Spirit   .     (no cloak)
SustAb .         Warding  .     (no gloves)
rMut   .         Stasis   .     (no boots)
Gourm  .                        (no amulet)
MR     ++++.                    u - +6 ring of protection
                                s - ring of protection from magic

@: lethally poisoned, exhausted, regenerating, slowed, very slow, incredibly
resistant to hostile enchantments, extremely unstealthy
A: retaliatory headbutt, horns 2
a: Burn Spellbooks, Berserk, Trog's Hand, Brothers in Arms, Renounce Religion


You were on level 3 of the Lair of Beasts.
You worshipped Trog.
Trog was extremely pleased with you.
You were near starving.

You visited 2 branches of the dungeon, and saw 12 of its levels.

You collected 693 gold pieces.

Inventory:

Hand weapons
 v - a +1 antimagic broad axe (weapon)
 x - a +0 war axe of electrocution
 H - a +1 antimagic battleaxe
 S - a +3 vampiric war axe
Armour
 o - a +0 buckler (worn)
 F - a +0 plate armour (worn)
 K - the +3 hat of Pondering (worn) {ponderous, MR+ MP+10 Int+5}
   (You took it off Gastronok on level 8 of the Dungeon)

   It affects your intelligence (+5).
   It affects your resistance to hostile enchantments.
   It affects your magic capacity (+10).
Magical devices
 a - a wand of magic darts (9) {unknown}
 y - a wand of paralysis (14)
 B - a wand of frost (5) {unknown}
 J - a wand of polymorph (9) {unknown}
 Q - a wand of disintegration (8) {unknown}
Comestibles
 c - 7 bread rations
 g - 2 slices of pizza
 l - 7 meat rations
 D - 2 royal jellies
 R - 3 chunks of wolf flesh
Scrolls
 b - 4 scrolls of recharging {unknown}
 d - 4 scrolls of enchant armour {unknown}
 e - 4 scrolls of fog {unknown}
 f - 4 scrolls of blinking {unknown}
 h - 5 scrolls of teleportation
 k - 3 scrolls of enchant weapon {unknown}
 n - a scroll of immolation {unknown}
 p - 3 scrolls of noise {unknown}
 t - 8 scrolls of remove curse {unknown}
 w - 3 scrolls of random uselessness {unknown}
 z - 5 scrolls of fear {unknown}
 C - 3 scrolls of amnesia {unknown}
 I - 2 scrolls of identify
 O - a scroll of magic mapping {unknown}
 P - a scroll of torment {unknown}
Jewellery
 s - a ring of protection from magic (left hand)
 u - a +6 ring of protection (right hand)
 L - an uncursed amulet of faith {unknown}
Potions
 i - 2 potions of curing {unknown}
 j - a potion of lignification {unknown}
 m - 2 potions of confusion {unknown}
 q - 3 potions of restore abilities {unknown}
 r - a potion of haste {unknown}
 A - a potion of degeneration {unknown}
 E - 2 potions of poison {unknown}
 G - a potion of berserk rage {unknown}
 M - a potion of might {unknown}
 N - a potion of heal wounds {unknown}


   Skills:
 + Level 11.5 Fighting
 + Level 13.1 Axes
 + Level 10.4 Armour
 + Level 8.7 Dodging
 + Level 2.0 Stealth
 + Level 6.7 Shields


You had 10 spell levels left.
You didn't know any spells.

Dungeon Overview and Level Annotations

Branches:
Dungeon (9/15)             Temple (0/1) D:7             Orc (0/4) D:9
   Lair (3/8) D:9          Spider (0/5) Lair:3
  Swamp: Lair:3-6    Shoals: Lair:3-6

Altars:
Ashenzari
Elyvilon
Fedhas
Kikubaaqudgha
Nemelex Xobeh
Qazlal
Trog
Vehumet
Xom
Beogh

Shops:
D:4 }

Annotations:
Lair:3 Johnny's ghost, powerful DgCj


Innate Abilities, Weirdness & Mutations

You reflexively headbutt those who attack you in melee.
You have a pair of horns on your head.


Message History

You are near starving!
The green rat bites you but does no damage.
The green rat bites you.
Use which ability? (? or * to list)
Your two-headed ogre goes berserk!
You feel somewhat more hungry.
You feel sick.
Johnny's ghost gestures at you while chanting.
The bolt of poison hits the green rat.
The green rat is poisoned.
The green rat dies!
The bolt of poison hits you!
You are more poisoned.
* * * LOW HITPOINT WARNING * * *
You feel sick.
Your two-headed ogre closely misses Johnny's ghost.
Your two-headed ogre hits Johnny's ghost with a giant spiked club.
Johnny's ghost stares at you.
Johnny's ghost gestures at you while chanting.
The bolt of magma hits your two-headed ogre.
The bolt of magma hits you!
You die...

........≈...#.# .........≈.>..#
.........≈...# .r....r.%#
###..#r#%## ##*#.# ####W###
#....O.## ###.....@.## ####### ##
#########..........###P#...##..#
..>...#.##.............#........
........###............#.......#
.........#.........<....##......#
.............>...###...#.........
............%#..####.............
..........####.P# #..............
..........# #####P...#.........


You could see Johnny's ghost, 2 green rats and a friendly two-headed ogre
(berserk).

Vanquished Creatures
  Gastronok (D:8)
  An elephant (D:9)
  3 spiny frogs
  A komodo dragon (Lair:2)
  Grinder (D:3)
  A troll (D:9)
  5 blink frogs (Lair:3)
  9 yaks
  3 hippogriffs
  9 wolves (Lair:3)
  A hungry ghost (D:8)
  4 water moccasins
  4 porcupines
  2 ice beasts
  8 orc warriors
  6 spiders (Lair:3)
  9 ogres
  A yellow wasp (D:9)
  6 sky beasts
  A phantom (D:9)
  3 centaurs
  5 crocodiles
  8 giant frogs
  2 scorpions
  An electric eel (Lair:2)
  4 killer bees (D:9)
  4 crimson imps
  5 hounds
  A giant frog skeleton (D:5)
  4 goliath beetles
  7 orc wizards
  A centaur skeleton (D:8)
  2 jellies
  7 orc priests
  5 iguanas
  Natasha (thrice) (D:5)
  10 worker ants
  9 sheep
  A big kobold skeleton (D:8)
  An ogre skeleton (D:6)
  A gnoll zombie (D:5)
  7 gnolls
  26 green rats
  2 shadow imps (D:6)
  12 adders
  2 giant mites
  2 worms
  An iguana skeleton (D:7)
  3 oozes
  54 orcs
  3 giant cockroaches
  18 goblins
  14 hobgoblins
  28 jackals
  10 kobolds
  10 quokkas
  3 ball pythons
  8 bats
  6 giant geckos
  A giant gecko skeleton (D:4)
  A giant gecko zombie (D:5)
  7 giant newts
  A jackal skeleton (D:5)
  A kobold zombie (D:5)
  15 rats
  A rat skeleton (D:7)
396 creatures vanquished.

Vanquished Creatures (others)
  A green rat (Lair:3)
  A bush (D:3)
2 creatures vanquished.

Grand Total: 398 creatures vanquished

Notes
Turn   | Place    | Note
--------------------------------------------------------------
     0 | D:1      | Kex, the Minotaur Berserker, began the quest for the Orb.
     0 | D:1      | Reached XP level 1. HP: 19/19 MP: 1/1
    50 | D:1      | Reached skill level 4 in Fighting
   234 | D:1      | Reached XP level 2. HP: 27/27 MP: 1/1
   583 | D:1      | Acquired Trog's second power
   953 | D:2      | Reached XP level 3. HP: 34/34 MP: 2/2
  1351 | D:2      | Found an ancient bone altar of Kikubaaqudgha.
  1739 | D:3      | Reached XP level 4. HP: 33/41 MP: 2/2
  1764 | D:3      | Reached skill level 5 in Fighting
  2007 | D:3      | Noticed Grinder
  2021 | D:3      | Killed Grinder
  2021 | D:3      | Reached skill level 1 in Stealth
  2021 | D:3      | Reached XP level 5. HP: 8/49 MP: 2/2
  2021 | D:3      | Reached XP level 6. HP: 9/56 MP: 3/3
  2332 | D:3      | Reached skill level 5 in Axes
  2460 | D:3      | Noticed a centaur
  2461 | D:3      | Found a blossoming altar of Fedhas.
  2530 | D:3      | Killed a centaur
  3102 | D:4      | Acquired Trog's third power
  3159 | D:4      | Reached XP level 7. HP: 62/62 MP: 3/3
  3418 | D:4      | Reached skill level 6 in Fighting
  3485 | D:4      | Reached skill level 5 in Dodging
  3485 | D:4      | Reached skill level 1 in Shields
  3603 | D:4      | Found Kaoh's Gadget Boutique.
  3860 | D:5      | Entered Level 5 of the Dungeon
  3877 | D:5      | Noticed Natasha
  3881 | D:5      | Killed Natasha
  3881 | D:5      | Reached skill level 5 in Armour
  3974 | D:5      | Noticed Natasha
  3983 | D:5      | Killed Natasha
  4085 | D:5      | Reached XP level 8. HP: 69/71 MP: 3/3
  4141 | D:5      | Received a gift from Trog
  4219 | D:5      | Found a white marble altar of Elyvilon.
  4315 | D:5      | Noticed Natasha
  4323 | D:5      | Killed Natasha
  4662 | D:5      | Reached skill level 7 in Fighting
  5346 | D:6      | Found a shimmering altar of Xom.
  5347 | D:6      | Found a shimmering altar of Xom.
  5347 | D:6      | Found a shimmering altar of Xom.
  5347 | D:6      | Found a shimmering altar of Xom.
  5348 | D:6      | Found a shimmering altar of Xom.
  5348 | D:6      | Found a shimmering altar of Xom.
  5348 | D:6      | Found a shimmering altar of Xom.
  5348 | D:6      | Found a shimmering altar of Xom.
  5567 | D:6      | Found a stormy altar of Qazlal.
  5643 | D:6      | Found a glowing drain.
  5946 | D:7      | Received a gift from Trog
  5995 | D:7      | Found a sparkling altar of Nemelex Xobeh.
  5998 | D:7      | Reached XP level 9. HP: 58/79 MP: 4/4
  6034 | D:7      | Found a radiant altar of Vehumet.
  6282 | D:7      | Found a staircase to the Ecumenical Temple.
  6468 | D:8      | Reached skill level 8 in Axes
  6575 | D:8      | Noticed Gastronok
  6615 | D:8      | Killed Gastronok
  6615 | D:8      | Reached skill level 9 in Axes
  6708 | D:8      | Reached skill level 5 in Shields
  6824 | D:8      | Reached XP level 10. HP: 82/90 MP: 4/4
  7355 | D:9      | Reached skill level 10 in Axes
  7360 | D:9      | Received a gift from Trog
  7431 | D:9      | Found a staircase to the Lair.
  7431 | D:9      | Noticed an elephant
  7445 | D:9      | Killed an elephant
  7863 | D:9      | Reached skill level 11 in Axes
  7874 | D:9      | Found a roughly hewn altar of Beogh.
  7874 | D:9      | Found a staircase to the Orcish Mines.
  8598 | D:9      | Found a shattered altar of Ashenzari.
  8598 | D:9      | Found a bloodstained altar of Trog.
  8906 | D:9      | Reached skill level 10 in Fighting
  8933 | Lair:1   | Entered Level 1 of the Lair of Beasts
  9150 | Lair:1   | Reached XP level 11. HP: 55/99 MP: 4/4
  9485 | Lair:1   | Received a gift from Trog
 10242 | Lair:2   | Found a labyrinth entrance.
 10294 | Lair:2   | Reached skill level 12 in Axes
 11113 | Lair:3   | Reached skill level 10 in Armour
 11297 | Lair:3   | Received a gift from Trog
 11301 | Lair:3   | Reached skill level 13 in Axes
 11461 | Lair:3   | Found a hole to the Spider Nest.
 11462 | Lair:3   | Noticed Johnny's ghost (powerful DgCj)
 11493 | Lair:3   | Killed from afar by Johnny's ghost

Action                   |  1- 3 |  4- 6 |  7- 9 | 10-12 || total
-------------------------+-------+-------+-------+-------++-------
Melee: Hand axe          |   104 |   103 |   218 |       ||   425
       War axe           |       |       |   197 |    45 ||   242
       Broad axe         |       |       |       |   375 ||   375
Invok: Berserk           |       |     2 |     4 |     5 ||    11
       Burn Spellbooks   |       |       |     2 |       ||     2
       Trog's Hand       |       |       |       |     1 ||     1
       Brothers in Arms  |       |       |       |     1 ||     1
  Use: Scroll            |       |     1 |     8 |     3 ||    12
  Eat: Chunk             |     2 |     7 |    16 |    15 ||    40
       Bread ration      |       |       |       |     1 ||     1
